 Dungeon Crawl Stone Soup version 0.29-a0-330-g52719c12eb (webtiles) character file.

Game seed: 891355126149906005

2428 rizoto1 the Frost Mage (level 9, -17/58 HPs)
             Began as a Human Ice Elementalist on May 7, 2022.
             Was an Elder of Lugonu.
             Demolished by a shadow (27 damage)
             ... on level 9 of the Dungeon on May 8, 2022.
             The game lasted 00:53:26 (10084 turns).

rizoto1 the Frost Mage (Human Ice Elementalist)    Turns: 10084, Time: 00:53:27

Health: -17/58     AC:  6    Str:  8    XL:     9   Next: 77%
Magic:  15/21      EV: 27    Int: 20    God:    Lugonu [****..]
Gold:   239        SH:  0    Dex: 14    Spells: 13/24 levels left

rFire   . . .      SeeInvis .   d - staff of conjuration
rCold   + + .      Faith    .   (no shield)
rNeg    . . .      Spirit   .   f - +2 leather armour {rC+}
rPois   .          Reflect  .   r - +1 hat
rElec   .          Harm     .   (no cloak)
rCorr   .          Rampage  .   (no gloves)
Will    .....                   (no boots)
Stlth   ++........              i - amulet of the acrobat
HPRegen 0.19/turn               q - ring of protection from cold
MPRegen 0.17/turn               (no ring)

@: acrobatic
A: no striking features
a: Renounce Religion, Depart the Abyss, Bend Space, Banish, Corrupt


You were on level 9 of the Dungeon.
You worshipped Lugonu.
Lugonu was greatly pleased with you.
You visited 2 branches of the dungeon, and saw 11 of its levels.

You collected 323 gold pieces.
You spent 84 gold pieces at shops.

Inventory:

Hand Weapons
 g - a +2 flail of protection
Armour
 a - a +0 robe
 f - a +2 leather armour of cold resistance (worn)
 r - a +1 hat (worn)
Magical Staves
 d - a staff of conjuration (weapon)
Jewellery
 i - an amulet of the acrobat (around neck)
 q - a ring of protection from cold (left hand)
Wands
 b - a wand of flame (1)
 l - a wand of iceblast (8)
 w - a wand of acid (5)
Scrolls
 c - a scroll of silence
 j - a scroll of enchant weapon (quivered)
 t - a scroll of noise {unknown}
Potions
 e - 3 potions of degeneration
 k - 2 potions of attraction
 m - a potion of cancellation
 n - a potion of brilliance
 o - 2 potions of might
 p - 2 potions of flight
 u - a potion of curing


   Skills:
 + Level 0.8 Fighting
 + Level 0.8 Staves
 + Level 2.3 Armour
 + Level 2.7 Dodging
 + Level 3.0 Stealth
 * Level 8.0 Spellcasting
 + Level 1.3 Conjurations
 * Level 8.9 Ice Magic
 + Level 0.2 Evocations


You had 13 spell levels left.
You knew the following spells:

 Your Spells              Type           Power      Damage    Failure   Level
a - Freeze                Ice            100%       1d11      1%          1
b - Frozen Ramparts       Ice            86%        1d10      1%          3
c - Ozocubu's Armour      Ice            43%        N/A       1%          3
d - Hailstorm             Conj/Ice       42%        3d10      14%         4

Your spell library contained the following spells:

 Spells                   Type           Power      Damage    Failure   Level
 Pain                     Necr           32%        1d5       12%         1
 Sandblast                Erth           16%        2d6       12%         1
 Corpse Rot               Necr/Air       16%        N/A       19%         2
 Passwall                 Tmut/Erth      6%         N/A       19%         2
 Poisonous Vapours        Pois/Air       16%        N/A       19%         2
 Dazzling Flash           Conj/Hex       32%        N/A       26%         3
 Stone Arrow              Conj/Erth      32%        3d9       26%         3
 Iskenderun's Mystic Bla  Conj/Tloc      16%        2d5       65%         4
 Agony                    Necr           8%         N/A       97%         5
 Excruciating Wounds      Necr           4%         N/A       97%         5
 Starburst                Conj/Fire      8%         6d4       100%        6


Dungeon Overview and Level Annotations

Branches:
Dungeon (10/15)            Temple (1/1) D:6            Lair (0/6) D:9
    Orc (0/2) D:9

Altars:
Ashenzari
Cheibriados
Dithmenos
Elyvilon
Fedhas
Gozag
Hepliaklqana
Kikubaaqudgha
Makhleb
Nemelex Xobeh
Okawaru
Qazlal
Ru
Sif Muna
Trog
Uskayaw
Vehumet
Wu Jian
Xom
Yredelemnul
Zin
The Shining One
Lugonu

Shops:
D:3 !   D:4 :


Message History

[Y]es or [N]o only, please.
Your icy armour and frozen ramparts will break if you move.
Continue?
Your icy armour cracks and falls away as you move.
The frozen ramparts melt away as you move.
A shadow is nearby!
A shadow is nearby!
There is a stone staircase leading down here.
You climb downwards.
There is a stone staircase leading up here.
There are monsters nearby!
There are monsters nearby!
There are monsters nearby!
There are monsters nearby!
There are monsters nearby!
There are monsters nearby!
There are monsters nearby!
There are monsters nearby!
You feel better.
You flicker for a moment.
You climb upwards.
There is a stone staircase leading down here.
As you read the scroll labelled FYJEUR YTOEXO, it crumbles to dust.
The creatures around you are filled with an inner flame!
It was a scroll of immolation.
You flicker back into view.
The shadow attacks as you move away! The shadow closely misses you.
The shadow attacks as you move away! The shadow closely misses you.
The shadow slips into darkness.
The shadow flickers and vanishes!
Deactivating autopickup; reactivate with Ctrl-A.
You see here a +0 war axe.
The shadow strikes at you from the darkness!
* * * LOW HITPOINT WARNING * * *
Reactivating autopickup.
The shadow slips into darkness.
The shadow flickers and vanishes!
Deactivating autopickup; reactivate with Ctrl-A.
There is a strange disturbance nearby!
The shadow strikes at you from the darkness!
You die...

....# #.# #.##### #.#.######
###.# #.# #.#...# #.#....#..
..#.###.# ##.#.#.#######...##.#.#
........###.........^..#.#.##.#.#
........................)........
.>....).......................#.#
....#.#...####.#.#..##..........#
).....#...####......#########..##
###########.####@##.# #..##
.,,,,,,,,,#.####....# #....
#********,#......#### ##..#
*,#.####.########****##.#
********,#......>.......,,,,,...
*,,,,,,,,######.#######.****##..
*,,,***,******### *,* *#..
*,,,***,**,*,*,********,* **...
*,,,**,*,*,,*,,*,*,,,**,* *,...


There were no monsters in sight!

Vanquished Creatures
  Pikel (D:5)
  A troll (D:9)
  A wyvern (D:8)
  A water moccasin (D:5)
  An ice beast (D:5)
  A centaur (D:9)
  2 lemures (D:5)
  A necrophage (D:5)
  A kobold brigand (D:8)
  Blork the orc (D:5)
  A bullfrog (D:6)
  A gnoll sergeant (D:8)
  A scorpion (D:4)
  6 killer bees (D:8)
  2 electric eels (D:6)
  6 jellies
  5 orc priests
  3 hounds
  An iguana (D:4)
  An orc wizard (D:8)
  7 gnolls
  2 adders
  A white imp (D:6)
  4 dart slugs
  21 orcs
  5 ball pythons
  3 bats
  5 endoplasms
  3 giant cockroaches
  3 goblins
  A hobgoblin (D:3)
  7 jackals (D:4)
  6 quokkas
  4 frilled lizards
  9 kobolds
  5 rats
124 creatures vanquished.

Notes
Turn   | Place    | Note
-------+----------+-------------------------------------------
     0 | D:1      | rizoto1 the Human Ice Elementalist began the quest for the
                  | Orb.
     0 | D:1      | Reached XP level 1. HP: 13/13 MP: 3/3
   281 | D:1      | Reached XP level 2. HP: 19/19 MP: 3/5
  1421 | D:2      | Found a faded altar of an unknown god.
  1428 | D:2      | Prayed at the altar of an unknown god.
  1428 | D:2      | Became a worshipper of Lugonu the Unformed
  1428 | D:2      | Reached * piety under Lugonu
  1428 | D:2      | Reached ** piety under Lugonu
  1595 | D:2      | Reached XP level 3. HP: 18/24 MP: 1/6
  1606 | D:2      | Learned a level 3 spell: Frozen Ramparts
  1699 | D:2      | Learned a level 3 spell: Ozocubu's Armour
  2616 | D:3      | Reached XP level 4. HP: 26/30 MP: 1/8
  2775 | D:3      | Found Doofi's Distillery.
  2793 | D:3      | Bought a potion of curing for 36 gold pieces
  2793 | D:3      | Bought a potion of brilliance for 48 gold pieces
  3161 | D:3      | Reached XP level 5. HP: 21/35 MP: 3/9
  3371 | D:4      | Found Qeshik's Book Shoppe.
  3396 | D:4      | Learned a level 4 spell: Hailstorm
  3438 | D:4      | Reached skill level 5 in Ice Magic
  3843 | D:4      | Found a bloodstained altar of Trog.
  3844 | D:4      | Found a stormy altar of Qazlal.
  3857 | D:4      | Found a blossoming altar of Fedhas.
  3857 | D:4      | Found a glowing silver altar of Zin.
  3857 | D:4      | Found a basalt altar of Yredelemnul.
  3858 | D:4      | Found a hide-covered altar of Uskayaw.
  3858 | D:4      | Found a radiant altar of Vehumet.
  3859 | D:4      | Found a white marble altar of Elyvilon.
  3972 | D:4      | Found a glowing golden altar of the Shining One.
  3995 | D:4      | Reached XP level 6. HP: 41/41 MP: 8/12
  4130 | D:4      | Found an opulent altar of Gozag.
  4130 | D:4      | Found a sparkling altar of Nemelex Xobeh.
  4139 | D:4      | Identified the +7 hunting sling of Soft Watchfulness
                  | {vorpal, rC++ rCorr Int+7}
  4175 | D:5      | Entered Level 5 of the Dungeon
  4278 | D:5      | Noticed Blork the orc
  4292 | D:5      | Killed Blork the orc
  4298 | D:5      | Reached *** piety under Lugonu
  4460 | D:5      | Reached skill level 1 in Armour
  4546 | D:5      | Noticed Pikel
  4569 | D:5      | Killed Pikel
  4570 | D:5      | Reached skill level 5 in Spellcasting
  4570 | D:5      | Reached XP level 7. HP: 34/46 MP: 7/15
  4570 | D:5      | Reached XP level 8. HP: 39/52 MP: 7/16
  4656 | D:5      | Found a sacrificial altar of Ru.
  5108 | D:5      | Found an ancient bone altar of Kikubaaqudgha.
  5897 | D:5      | Found a snail-covered altar of Cheibriados.
  6334 | D:6      | Found an ornate altar of the Wu Jian Council.
  7009 | D:6      | Found a staircase to the Ecumenical Temple.
  7023 | Temple   | Entered the Ecumenical Temple
  7508 | D:6      | Reached skill level 1 in Conjurations
  7508 | D:6      | Reached XP level 9. HP: 16/58 MP: 15/19
  7832 | D:6      | Found a burning altar of Makhleb.
  7835 | D:6      | Found a shadowy altar of Dithmenos.
  9167 | D:8      | Reached **** piety under Lugonu
  9940 | D:9      | Noticed a troll
  9952 | D:9      | Killed a troll
 10048 | D:9      | Noticed a cyan ugly thing
 10064 | D:10     | Entered Level 10 of the Dungeon
 10084 | D:9      | Demolished by a shadow

Illustrated notes

Levels and vault maps discovered:
D:1:      kilobyte_arrival_exit_the_forest, layout_basic
D:2:      layout_basic, ebering_ecumenical_altar_webs, grunt_ministairs_15
D:3:      layout_rooms, serial_shops, shop
D:4:      layout_cave_pools, grunt_temple_overflow_opulence,
          mainiacjoe_overflow_24_doors, grunt_temple_overflow_open,
          serial_shops, shop_statue
D:5:      layout_gridville, lemuel_coloured_pillars_altar,
          mainiacjoe_overflow_cross_hatched, kennysheep_nondescript,
          minmay_door_square, hangedman_abyss_or_decor_lesser_grid,
          kennysheep_flooded_box, uniq_blork_the_orc, uniq_pikel
D:6:      layout_loops_ring, nicolae_overflow_squiral,
          nicolae_wu_jian_wuxing_cycle, temple_hall, minivault_27
D:7:      layout_cave_pools, enter_ossuary_1, minmay_misc_feat_cross
D:8:      layout_cave_pools, lightli_orcish_oven
D:9:      layout_basic, erik_lair_island, erik_orc_3, dk_rats_in_the_wall,
          uniq_harold
D:10:     layout_basic, ebering_ghost_disaster_area, interstate_on_off,
          st_stairs_11, lightli_corner_chamber, uniq_nergalle
Temple:   corrupted_temple

Skill      XL: |  1  2  3  4  5  6  7  8  9 |
---------------+----------------------------+-----
Spellcasting   | 3 4 5 6 8 |  8.0
Ice Magic      | 5 6 7 8 |  8.9
Armour         | 1 2 |  2.3
Conjurations   | 1 |  1.3
Stealth        | 3 |  3.0
Fighting       | |  0.8
Staves         | |  0.8
Dodging        | |  2.7
Evocations     | |  0.2

Action                   |  1- 3 |  4- 6 |  7- 9 || total
-------------------------+-------+-------+-------++-------
Melee: Staff             |     9 |     8 |    79 ||    96
       Punch             |       |       |     4 ||     4
 Cast: Freeze            |    40 |    64 |    80 ||   184
       Frozen Ramparts   |     1 |     4 |    19 ||    24
       Ozocubu's Armour  |     1 |     2 |     5 ||     8
       Hailstorm         |       |       |    13 ||    13
Evoke: Wand              |       |       |     6 ||     6
  Use: Scroll            |     6 |     3 |    10 ||    19
       Potion            |     3 |     2 |     7 ||    12
 Stab: Distracted        |     1 |       |       ||     1
       Sleeping          |       |     1 |       ||     1
Armor: Robe              |     2 |       |       ||     2
       Leather armour    |    11 |    17 |    65 ||    93
Dodge: Dodged            |    46 |    45 |   127 ||   218

Table legend: (Time is in decaauts)
 A = Elapsed time spent in this place.
 B = Non-inter-level travel time spent in this place.
 C = Inter-level travel time spent in this place.
 D = Time resting spent in this place.
 E = Time spent auto-exploring this place.
 F = Levels seen in this place.
 G = Mean time per level.
                   A        B        C        D        E       F      G
               +--------+--------+--------+--------+--------+-----+--------+
         Total |  10082 |   9466 |    616 |   2798 |   5514 |  11 |  916.5 |
       Dungeon |  10040 |   9435 |    605 |   2798 |   5492 |  10 | 1004.0 |
        Temple |     41 |     30 |     11 |      0 |     22 |   1 |   41.0 |
               +--------+--------+--------+--------+--------+-----+--------+

Top non-repeatable levels by time:
     D:6: 1884 daAuts
     D:5: 1547 daAuts
     D:1: 1425 daAuts
     D:4: 1345 daAuts
     D:3: 1162 daAuts
     D:8: 1065 daAuts
     D:2: 791 daAuts
     D:9: 789 daAuts
  Temple: 41 daAuts
     D:7: 26 daAuts
    D:10: 2 daAuts
